 Dungeon Crawl Stone Soup version 0.16.2-2-g470672f (webtiles) character file.

190444 Enish the Eclecticist (level 17, -7/95 HPs)
             Began as a Spriggan Enchanter on Sept 1, 2015.
             Was the Champion of Okawaru.
             Shot with an arrow by a deep elf master archer (40 damage)
             ... on level 3 of the Elven Halls on Sept 2, 2015.
             The game lasted 03:49:20 (39807 turns).

Enish the Eclecticist (Spriggan Enchanter)         Turns: 39807, Time: 03:49:20

Health: -7/95      AC: 11    Str:  4    XL:     17   Next: 98%
Magic:  33/55      EV: 38    Int: 34    God:    Okawaru [******]
Gold:   2357       SH: 12    Dex: 28    Spells: 12 memorised, 8 levels left

rFire  . . .     SeeInvis +     I - +2 quick blade "Jiull" {drain, *Rage MR++ Int+3 Dex+6}
rCold  + + +     Clarity  .     T - +0 steam dragon armour of Free Will {+Blink rElec rC+ MR+}
rNeg   . . .     SustAb   .     m - +3 buckler of the Monkey's Uncle {rElec MP+9 Int+4}
rPois  +         Gourm    .     h - +3 hat of Pondering {ponderous, MR+ MP+10 Int+5}
rElec  +         Spirit   .     t - +2 cloak {MR+}
rCorr  .         Warding  .     (gloves unavailable)
rMut   .         Stasis   +     (boots unavailable)
MR     +++++                    B - amulet of stasis
Stlth  ++++++++..               S - +4 ring of dexterity
                                P - ring "Pewely" {+Fly rPois rC++}

@: very quick, almost entirely resistant to hostile enchantments,
extraordinarily stealthy
A: unfitting armour, antennae 1, see invisible, herbivore 3, speed 3, magic
resistance 1, slow metabolism 2, wild magic 1
a: Heroism, Finesse, Renounce Religion, Evoke Blink, Evoke Flight


You were on level 3 of the Elven Halls.
You worshipped Okawaru.
Okawaru was exalted by your worship.
You were not hungry.

You visited 6 branches of the dungeon, and saw 32 of its levels.
You also visited: Labyrinth, Trove, Ossuary and Ice Cave.

You collected 4042 gold pieces.
You spent 1685 gold pieces at shops.

Inventory:

Hand weapons
 s - a +3 quick blade of flaming
 w - the cursed -1 whip of Coinarr {vamp, +Blink MP+9 Str-2, unknown}
   (You found it in a treasure trove)

   It inflicts no extra harm, but heals its wielder somewhat when it strikes a
   living foe.
   It affects your strength (-2).
   It affects your magic capacity (+9).
   It lets you blink.
   It has a curse placed upon it.
 I - the +2 quick blade "Jiull" (weapon) {drain, *Rage MR++ Int+3 Dex+6}
   (You acquired it on level 8 of the Dungeon)

   A truly terrible weapon, it drains the life of those it strikes.
   It affects your intelligence (+3).
   It affects your dexterity (+6).
   It affects your resistance to hostile enchantments.
   It may make you go berserk in combat.
Armour
 h - the +3 hat of Pondering (worn) {ponderous, MR+ MP+10 Int+5}
   (You took it off Gastronok on level 3 of the Lair of Beasts)

   It affects your intelligence (+5).
   It affects your resistance to hostile enchantments.
   It affects your magic capacity (+10).
 m - the +3 buckler of the Monkey's Uncle (worn) {rElec MP+9 Int+4}
   (Okawaru gifted it to you on level 4 of the Orcish Mines)

   It affects your intelligence (+4).
   It insulates you from electricity.
   It affects your magic capacity (+9).
 o - the +2 robe "Tatuhoff" {rN+ Int+3}
   (You found it in a treasure trove)

   It affects your intelligence (+3).
   It protects you from negative energy.
 t - a +2 cloak of magic resistance (worn)
 T - the +0 steam dragon armour of Free Will (worn) {+Blink rElec rC+ MR+}
   (Okawaru gifted it to you in a labyrinth)

   It protects you from cold.
   It insulates you from electricity.
   It affects your resistance to hostile enchantments.
   It lets you blink.
Jewellery
 a - the macabre finger necklace {Ward rN+}
   (You found it in a treasure trove)

   [amulet of warding]

   It may prevent the melee attacks of summoned creatures.
   It protects you from negative energy.
 e - an uncursed amulet of clarity {unknown}
 g - an uncursed ring of fire
 l - an uncursed amulet of guardian spirit {unknown}
 n - an uncursed ring of protection from fire
 B - an amulet of stasis (around neck)
 K - an uncursed amulet of resist mutation
 O - an uncursed ring of protection from fire
 P - the ring "Pewely" (left hand) {+Fly rPois rC++}
   (You found it on level 1 of the Depths)

   [ring of flight]

   It greatly protects you from cold.
   It protects you from poison.
   It lets you fly.
 S - a +4 ring of dexterity (right hand)
Magical devices
 b - a wand of digging (12)
 q - a wand of disintegration (5)
 x - a wand of disintegration (6)
Scrolls
 k - 7 scrolls of teleportation
 u - 4 scrolls of fog
 E - 4 scrolls of blinking
 G - 2 scrolls of recharging
 M - 7 scrolls of remove curse
 V - a scroll of magic mapping
 X - 3 scrolls of fear
Potions
 f - 10 potions of restore abilities
 i - 9 potions of curing
 j - a potion of resistance
 p - 4 potions of agility
 v - a potion of magic {unknown}
 z - a potion of heal wounds
 A - 3 potions of brilliance
 R - a potion of invisibility {unknown}
 U - 6 potions of haste
Books
 c - a book of Maledictions

   Spells                             Type                      Level
   a - Corona                         Hexes                        1
   b - Sure Blade                     Hexes/Charms                 2
   c - Ensorcelled Hibernation        Hexes/Ice                    2
   d - Confuse                        Hexes                        3
   e - Dazzling Spray                 Conjuration/Hexes            3
   f - Enslavement                    Hexes                        4
 y - an Akashic Record {highlevel}

   Spells                             Type                      Level
   a - Dispersal                      Translocation                6
   b - Controlled Blink               Translocation                7
   c - Malign Gateway                 Summoning/Translocation      7
   d - Disjunction                    Translocation                8
   e - Singularity                    Translocation                9
 C - a book of Burglary

   Spells                             Type                      Level
   a - Swiftness                      Charms/Air                   2
   b - Passwall                       Transmutation/Earth          3
   c - Passage of Golubria            Translocation                4
   d - Lee's Rapid Deconstruction     Earth                        5
   e - Invisibility                   Hexes                        6
   f - Darkness                       Hexes                        7
 H - a Grand Grimoire {highlevel}

   This book is beyond your current level of understanding.

   Spells                             Type                      Level
   a - Aura of Abjuration             Summoning                    6
   b - Summon Greater Demon           Summoning                    7
   c - Malign Gateway                 Summoning/Translocation      7
   d - Summon Horrible Things         Summoning                    8
Comestibles
 d - 10 bread rations
 r - 21 royal jellies
 D - 4 fruits


   Skills:
 - Level 13.0 Fighting
 - Level 10.0 Short Blades
 - Level 17.3 Dodging
 - Level 17.0 Stealth
 - Level 5.0 Shields
 * Level 18.1 Spellcasting
 - Level 11.1 Hexes
 - Level 13.1 Translocations
 - Level 2.0 Ice Magic


You had 8 spell levels left.
You knew the following spells:

 Your Spells              Type           Power        Failure   Level  Hunger
a - Corona                Hex            #######      1%          1    None
b - Ensorcelled Hibernat  Hex/Ice        ######       1%          2    None
c - Confuse               Hex            ########     1%          3    None
d - Enslavement           Hex            ########     1%          4    None
e - Dazzling Spray        Conj/Hex       #######.     2%          3    None
f - Invisibility          Hex            ########     5%          6    None
g - Darkness              Hex            ########..   26%         7    ###....
h - Tukima's Dance        Hex            ########     1%          3    None
i - Summon Butterflies    Summ           #####...     4%          1    None
j - Recall                Summ/Tloc      N/A          1%          3    None
k - Dispersal             Tloc           ########..   3%          6    None
l - Summon Mana Viper     Hex/Summ       #######.     11%         5    None


Dungeon Overview and Level Annotations

Branches:
Dungeon (15/15)            Temple (0/1) D:6            Lair (8/8) D:11
  Swamp (0/5) Lair:6        Snake (0/5) Lair:5        Slime (0/6) Lair:6
    Orc (4/4) D:9             Elf (3/3) Orc:3        Vaults (0/5) D:13
 Depths (1/5) D:15           Hell (1/1)
    Dis: Hell:1         Geh: Hell:1         Coc: Hell:1         Tar: Hell:1

Altars:
Dithmenos
Fedhas
Kikubaaqudgha
Makhleb
Nemelex Xobeh
Okawaru
Qazlal
Ru
Sif Muna
Yredelemnul
Beogh

Shops:
D:5 ?   Orc:4 [*!(   Elf:1 ?   Elf:2 *   Elf:3 *

Portals:
Hell: Lair:8 Depths:1
Abyss: Depths:1

Annotations:
D:3 Rogan's ghost, weakling DDWr
Lair:4 exclusion: oklob plant


Innate Abilities, Weirdness & Mutations

You are tiny and cannot use many weapons and most armour.
You have supernaturally acute eyesight.
You are a herbivore.
You cover ground extremely quickly.
You need consume almost no food.
You have a pair of small antennae on your head.
You are resistant to hostile enchantments.
Your spells are a little harder to cast, but a little more powerful.


Message History

The arrow hits you!!
Casting: Confuse
Confirm with . or Enter, or press ? or * to list all spells.
Aiming: Confuse
Press: ? - help, Shift-Dir - straight line, f/p - deep elf master archer
Aim: a deep elf master archer, wielding a longbow and wearing a leather armour (chance 25%)
The deep elf master archer resists with almost no effort.
The deep elf master archer shoots an arrow.
You block the arrow.
Casting: Confuse
Confirm with . or Enter, or press ? or * to list all spells.
Aiming: Confuse
Press: ? - help, Shift-Dir - straight line, f/p - deep elf master archer
Aim: a deep elf master archer, wielding a longbow and wearing a leather armour (chance 25%)
The deep elf master archer resists with almost no effort.
The deep elf master archer shoots an arrow.
The arrow closely misses you.
The deep elf master archer shoots an arrow.
The arrow hits you!!!
You die...

##..# ##''# ####.......# ...##
#####..#####..'.......# ....#
#.............#.......+ ##..#
#.####..####..#..P....#
##..#######+## #..# #..##......#
.#..##.......###..####..##++##'##
.#...+........##................)
.+...+......)..e...###..........)
.###.#.........'@..# ##..#####..#
.# #.##........##..# #..# #..# ##
#.#####''#####..####..# #..#
####.#####..#####........#####..#
#...................(............
....###.##........######.....<...
#'### #.########### ###'#####'
...## #.# ##...###.. ....###.##
#.....#...


You could see a deep elf master archer.

Vanquished Creatures
  Geryon (Hell)
  A lich (Depths:1)
  2 deep elf blademasters
  Kirke (D:15)
  An orc warlord (Orc:4)
  An emperor scorpion (Depths:1)
  Gastronok (Lair:3)
  2 very ugly things (Depths:1)
  A deep elf demonologist (Elf:2)
  2 dire elephants
  2 vault guards (D:13)
  2 blizzard demons (IceCv)
  A deep elf death mage (Elf:2)
  A minotaur (Lab)
  A yaktaur captain (D:15)
  Fannar (Lair:7)
  Harold (Lair:2)
  An ice dragon (Depths:1)
  8 hydras
  Erica (Lair:2)
  12 dancing weapons (Elf:2)
  3 centaur warriors
  3 hell hogs
  7 death yaks (Lair:8)
  8 orc high priests
  A tengu warrior (D:14)
  A sun demon (Lair:8)
  A soul eater (Hell)
  13 deep elf knights
  Erolcha (D:10)
  A shock serpent (shapeshifter) (Elf:2)
  6 skeletal warriors
  An unseen horror (D:12)
  A swamp dragon (shapeshifter) (Depths:1)
  3 ice devils (IceCv)
  2 small abominations (Elf:2)
  10 deep elf summoners
  2 ice statues (IceCv)
  8 hill giants
  A lindwurm (Lair:5)
  An oklob plant (Lair:8)
  A necromancer (D:13)
  3 wizards
  A wolf spider zombie (D:13)
  11 deep elf conjurers
  A manticore (D:14)
  3 orc knights
  3 ugly things
  A harpy (D:14)
  4 griffons
  4 cyclopes
  6 orc sorcerers
  4 black mambas
  A smoke demon (Lair:8)
  9 elephants
  A moth of wrath (shapeshifter) (Depths:1)
  A queen ant (Lair:2)
  6 orange demons (Lair:8)
  17 spiny frogs
  9 komodo dragons
  6 yaktaurs
  A hellwing (Lair:8)
  An efreet (D:15)
  13 deep elf priests
  2 tengu conjurers
  10 blue devils
  2 freezing wraiths
  A queen bee (shapeshifter) (D:13)
  3 red devils (Lair:8)
  3 two-headed ogres (Orc:4)
  5 fire drakes
  8 trolls
  10 slime creatures
  Prince Ribbit (Orc:1)
  A queen bee (D:11)
  3 ravens
  14 blink frogs
  A trapdoor spider zombie (D:12)
  4 basilisks
  2 boulder beetles (Lair:8)
  A spriggan (shapeshifter) (Depths:1)
  2 shadows
  2 wyverns
  2 hungry ghosts
  26 deep elf magi
  A wraith (D:14)
  18 humans (D:13)
  A vampire mosquito (D:14)
  61 yaks
  14 hippogriffs
  2 mottled dragons (D:14)
  27 deep elf fighters
  6 swamp worms (Lair:6)
  Edmund (D:7)
  5 wargs
  13 water moccasins
  11 wolves (Lair:4)
  13 porcupines
  3 human zombies (D:13)
  3 soldier ants (Lair:2)
  A spider (D:9)
  4 black bears
  2 necrophages
  6 ice beasts
  46 orc warriors
  3 phantoms
  2 wasps
  A swamp drake (D:11)
  18 ogres
  3 boring beetles
  2 sky beasts
  13 crocodiles
  9 centaurs
  Duvessa (D:9)
  Blork the orc (D:9)
  2 big kobolds
  16 giant frogs
  8 scorpions
  3 electric eels
  40 killer bees
  Dowan (D:9)
  5 centaur zombies
  A goliath beetle (D:9)
  A gnoll shaman (D:9)
  5 crimson imps
  15 jellies
  8 hounds
  Crazy Yiuf (D:5)
  24 orc priests
  5 centaur skeletons
  3 quasits
  2 giant frog zombies (D:12)
  A killer bee zombie (D:8)
  31 worker ants
  11 iguanas
  22 orc wizards
  29 sheep
  A big kobold zombie (D:11)
  Ijyb (D:4)
  A hound skeleton (D:6)
  10 mummies
  8 gnolls
  3 shadow imps
  25 adders
  37 river rats
  20 white imps
  3 giant mites
  3 giant eyeballs (D:12)
  4 ufetubi (IceCv)
  4 worms
  11 giant geckos
  3 oozes
  280 orcs
  14 bats
  A bat zombie (D:7)
  6 giant cockroaches
  18 hobgoblins
  17 jackals
  11 quokkas
  2 ball pythons
  6 giant newts
  A gnoll zombie (Ossuary)
  28 goblins
  3 hobgoblin zombies (Ossuary)
  A jackal zombie (D:8)
  17 kobolds
  5 kobold zombies
  5 orc zombies
  14 rats
  2 crawling corpses (Elf:2)
1418 creatures vanquished.

Vanquished Creatures (collateral kills)
  A deep elf sorcerer (Elf:3)
  A two-headed ogre (Orc:4)
  A deep elf fighter (Elf:3)
3 creatures vanquished.

Vanquished Creatures (others)
  A raven (D:15)
  3 humans
  An orc wizard (Orc:4)
  A shadow imp (D:15)
  5 white imps
  An ufetubus (IceCv)
  5 orcs
  5 fungi
  5 plants
27 creatures vanquished.

Grand Total: 1448 creatures vanquished

Notes
Turn   | Place    | Note
--------------------------------------------------------------
     0 | D:1      | Enish, the Spriggan Enchanter, began the quest for the Orb.
     0 | D:1      | Reached XP level 1. HP: 9/9 MP: 4/4
   308 | D:1      | Reached XP level 2. HP: 8/13 MP: 7/7
   460 | D:1      | Learned a level 2 spell: Ensorcelled Hibernation
  1091 | D:1      | Reached XP level 3. HP: 8/16 MP: 5/10
  2038 | D:2      | Reached skill level 5 in Stealth
  2147 | D:2      | Learned a level 3 spell: Confuse
  2509 | D:2      | Reached XP level 4. HP: 19/21 MP: 10/13
  3071 | D:3      | Reached skill level 5 in Hexes
  3077 | D:3      | Found a sparkling altar of Nemelex Xobeh.
  3189 | D:3      | Noticed Rogan's ghost (weakling DDWr)
  3372 | D:3      | Reached XP level 5. HP: 16/24 MP: 16/16
  3696 | D:3      | Found a deep blue altar of Sif Muna.
  4005 | D:4      | Found an iron altar of Okawaru.
  4009 | D:4      | Became a worshipper of Warmaster Okawaru
  4016 | D:4      | Reached skill level 6 in Hexes
  4028 | D:4      | Noticed a phantom
  4050 | D:5      | Entered Level 5 of the Dungeon
  4174 | D:5      | Noticed a centaur
  4193 | D:5      | Killed a centaur
  4193 | D:5      | Reached skill level 7 in Hexes
  4193 | D:5      | Reached XP level 6. HP: 28/28 MP: 15/18
  4230 | D:5      | Found Mnoiheph's Magic Scroll Shop.
  4458 | D:4      | Killed a phantom
  4458 | D:4      | Acquired Okawaru's first power
  4818 | D:4      | Reached XP level 7. HP: 32/32 MP: 15/22
  4964 | D:4      | Found a stormy altar of Qazlal.
  5055 | D:4      | Noticed Ijyb
  5061 | D:4      | Killed Ijyb
  5106 | D:4      | Reached skill level 5 in Spellcasting
  5481 | D:5      | Noticed Crazy Yiuf
  5489 | D:5      | Killed Crazy Yiuf
  5594 | D:5      | Reached skill level 5 in Short Blades
  5733 | D:6      | Found a sand-covered staircase.
  5773 | Ossuary  | Entered an ossuary
  5831 | Ossuary  | Reached skill level 8 in Hexes
  6393 | Ossuary  | Learned a level 4 spell: Enslavement
  6397 | Ossuary  | Learned a level 3 spell: Dazzling Spray
  6576 | D:6      | Found an ancient bone altar of Kikubaaqudgha.
  6644 | D:6      | Reached skill level 9 in Hexes
  6644 | D:6      | Reached XP level 8. HP: 36/36 MP: 24/24
  7195 | D:7      | Reached skill level 1 in Ice Magic
  7217 | D:7      | Noticed Edmund
  7309 | D:6      | Gained mutation: You are resistant to hostile enchantments. [potion of beneficial mutation]
  7434 | D:6      | Found a shadowy altar of Dithmenos.
  7499 | D:6      | Found a sacrificial altar of Ru.
  7547 | D:6      | Found a staircase to the Ecumenical Temple.
  8425 | D:7      | Found a blossoming altar of Fedhas.
  8513 | D:7      | Killed Edmund
  8741 | D:8      | Reached skill level 10 in Hexes
  8936 | D:8      | Identified a scroll of acquirement
  8939 | D:8      | Got a smoking quick blade
  8940 | D:8      | Identified the +2 quick blade "Jiull" {drain, *Rage MR++ Int+3 Dex+6} (You acquired it on level 8 of the Dungeon)
  9259 | D:8      | Reached XP level 9. HP: 39/39 MP: 28/28
  9270 | D:8      | Learned a level 6 spell: Invisibility
  9276 | D:8      | Found a basalt altar of Yredelemnul.
  9536 | D:5      | Bought a scroll of acquirement for 624 gold pieces
  9700 | D:8      | Got a smoking quarterstaff
  9701 | D:8      | Identified the +1 quarterstaff "Pnumaices" {speed, rElec Int+4 Stlth+} (You found it on level 8 of the Dungeon)
  9902 | D:9      | Noticed Duvessa
  9903 | D:9      | Noticed Dowan
  9904 | D:9      | Killed Duvessa
 10003 | D:9      | Found a staircase to the Orcish Mines.
 10097 | D:10     | Entered Level 10 of the Dungeon
 10098 | D:10     | Noticed Erolcha
 10611 | D:9      | Killed Dowan
 10714 | D:9      | Reached skill level 10 in Spellcasting
 10762 | D:9      | Reached XP level 10. HP: 44/44 MP: 28/31
 10879 | D:9      | Got a thick robe
 10890 | D:9      | Identified the +1 robe of Activism {+Fly Dex+4} (You took it off an orc on level 9 of the Dungeon)
 11097 | D:9      | Noticed Blork the orc
 11101 | D:9      | Killed Blork the orc
 11147 | D:9      | Acquired Okawaru's second power
 11296 | D:10     | Killed Erolcha
 11306 | D:10     | Reached skill level 11 in Spellcasting
 11361 | D:10     | Reached skill level 10 in Short Blades
 11428 | D:10     | Noticed a hill giant
 11440 | D:10     | Killed a hill giant
 11468 | D:10     | Reached skill level 12 in Spellcasting
 11779 | D:10     | Noticed a cyclops
 12120 | D:10     | Killed a cyclops
 12120 | D:10     | Received a gift from Okawaru
 12259 | D:10     | Reached skill level 13 in Spellcasting
 12398 | D:10     | Noticed a hill giant
 12401 | D:10     | Killed a hill giant
 12523 | D:11     | Noticed a green ugly thing
 12524 | D:11     | Noticed a hill giant
 12543 | D:12     | Noticed a hill giant
 12548 | D:12     | Noticed an unseen horror
 12548 | D:12     | Killed a hill giant
 12548 | D:12     | Reached XP level 11. HP: 47/47 MP: 31/35
 12553 | D:12     | Killed an unseen horror
 12571 | D:12     | Reached skill level 14 in Spellcasting
 12600 | D:12     | Found a labyrinth entrance.
 12607 | Lab      | Entered a labyrinth
 13068 | Lab      | Noticed a minotaur
 13080 | Lab      | Killed a minotaur
 13080 | Lab      | Received a gift from Okawaru
 13088 | Lab      | Got a diamond-encrusted steam dragon armour {god gift}
 13100 | Lab      | Identified the +0 steam dragon armour of Free Will {+Blink rElec rC+ MR+} (Okawaru gifted it to you in a labyrinth)
 13271 | D:12     | HP: 2/47 [slime creature (17)]
 14195 | D:11     | Reached skill level 15 in Spellcasting
 14294 | D:11     | Noticed a four-headed hydra
 14309 | D:11     | Killed a four-headed hydra
 14309 | D:11     | Reached skill level 5 in Dodging
 15124 | D:11     | Killed a green ugly thing
 15134 | D:11     | Killed a hill giant
 15361 | D:11     | Reached XP level 12. HP: 51/51 MP: 32/36
 15462 | D:11     | Reached skill level 10 in Stealth
 15547 | D:11     | Received a gift from Okawaru
 15672 | D:11     | Found a staircase to the Lair.
 15751 | Lair:1   | Entered Level 1 of the Lair of Beasts
 15791 | Lair:1   | Reached skill level 1 in Shields
 16303 | Lair:1   | Noticed a seven-headed hydra
 16317 | Lair:1   | Killed a seven-headed hydra
 16775 | Lair:2   | Noticed Harold
 16805 | Lair:2   | Killed Harold
 16913 | Lair:2   | Noticed Erica
 16920 | Lair:2   | Killed Erica
 16920 | Lair:2   | Reached skill level 5 in Shields
 16952 | Lair:2   | Reached skill level 10 in Dodging
 17200 | Lair:2   | Got a faintly glowing scimitar
 17201 | Lair:2   | Identified the +5 scimitar of Napsy {flame, rF+ rN+ Str+2 Int-3 Dex-4} (You found it on level 2 of the Lair of Beasts)
 17767 | Lair:2   | Received a gift from Okawaru
 18160 | Lair:3   | Reached XP level 13. HP: 55/55 MP: 30/38
 18365 | Lair:3   | Reached skill level 16 in Spellcasting
 18453 | Lair:3   | Received a gift from Okawaru
 18459 | Lair:3   | Got a distressingly furry robe {god gift}
 18470 | Lair:3   | Identified the +2 robe of Patterns {rF+ rCorr Str-2 Int-5 SInv} (Okawaru gifted it to you on level 3 of the Lair of Beasts)
 18622 | Lair:3   | Noticed a five-headed hydra
 18636 | Lair:3   | Killed a five-headed hydra
 19057 | Lair:3   | Noticed Gastronok
 19085 | Lair:3   | Killed Gastronok
 19085 | Lair:3   | Reached skill level 17 in Spellcasting
 20040 | Lair:4   | Reached skill level 18 in Spellcasting
 20411 | Lair:5   | Found a staircase to the Snake Pit.
 20793 | Lair:5   | Reached skill level 15 in Stealth
 20793 | Lair:5   | Reached XP level 14. HP: 59/59 MP: 40/40
 21156 | Lair:6   | Found a staircase to the Slime Pits.
 21331 | Lair:6   | Reached skill level 1 in Fighting
 21788 | Lair:6   | Found a staircase to the Swamp.
 22021 | Lair:6   | Learned a level 7 spell: Darkness
 22027 | Lair:6   | Gained mutation: You are frail (-10% HP). [mutagenic glow]
 22350 | Lair:7   | Reached XP level 15. HP: 58/61 MP: 40/40
 22426 | Lair:7   | Received a gift from Okawaru
 22429 | Lair:7   | Got a smoking quarterstaff {god gift}
 22482 | Lair:7   | Noticed Fannar
 22490 | Lair:7   | Killed Fannar
 23005 | Lair:8   | Entered Level 8 of the Lair of Beasts
 23098 | Lair:8   | Reached skill level 5 in Fighting
 24132 | Lair:8   | Received a gift from Okawaru
 24248 | Lair:8   | Found a burning altar of Makhleb.
 24252 | Lair:8   | Found a gateway to Hell.
 25090 | Orc:1    | Entered Level 1 of the Orcish Mines
 26199 | Orc:3    | Found Psetad's Food Shop.
 26242 | Orc:1    | Noticed Prince Ribbit
 26251 | Orc:1    | Killed Prince Ribbit
 26326 | Orc:3    | Found a staircase to the Elven Halls.
 26828 | Orc:4    | Entered Level 4 of the Orcish Mines
 27063 | Orc:4    | Received a gift from Okawaru
 27982 | Orc:4    | Reached skill level 10 in Fighting
 28067 | Orc:4    | Found Kunex's Distillery.
 28138 | Orc:4    | Bought 2 potions of mutation for 75 gold pieces
 28138 | Orc:4    | Lost mutation: You are frail (-10% HP). [potion of mutation]
 28138 | Orc:4    | Gained mutation: Your spells are a little harder to cast, but a little more powerful. [potion of mutation]
 28138 | Orc:4    | Gained mutation: You have a pair of small antennae on your head. [potion of mutation]
 28310 | Orc:4    | Found a roughly hewn altar of Beogh.
 28435 | Orc:4    | Found Kamnef's Weapon Shoppe.
 29213 | Orc:4    | Received a gift from Okawaru
 29221 | Orc:4    | Got a smoking buckler {god gift}
 29254 | Orc:4    | Identified the +3 buckler of the Monkey's Uncle {rElec MP+9 Int+4} (Okawaru gifted it to you on level 4 of the Orcish Mines)
 29272 | Orc:4    | Found Yjutuilo's Antique Armour Emporium.
 29306 | Orc:4    | Found Psyb's Assorted Antiques.
 29311 | Orc:4    | Bought a leatherbound book for 435 gold pieces
 29317 | Orc:4    | Learned a level 3 spell: Tukima's Dance
 29319 | Orc:4    | Learned a level 1 spell: Summon Butterflies
 29372 | Orc:4    | Found a roughly hewn altar of Beogh.
 29611 | Orc:4    | Reached XP level 16. HP: 85/85 MP: 41/41
 29818 | Elf:1    | Entered Level 1 of the Elven Halls
 29965 | Elf:1    | Got an ominously black robe
 30086 | Elf:1    | Found Schaowkot's Magic Scroll Shoppe.
 30096 | Elf:1    | Bought a scroll of blinking for 97 gold pieces
 30096 | Elf:1    | Bought a scroll of identify for 26 gold pieces
 30096 | Elf:1    | Bought a scroll of identify for 26 gold pieces
 30096 | Elf:1    | Bought a scroll of teleportation for 39 gold pieces
 30096 | Elf:1    | Bought a scroll of magic mapping for 45 gold pieces
 30096 | Elf:1    | Bought a scroll of fog for 26 gold pieces
 30096 | Elf:1    | Bought a scroll of remove curse for 39 gold pieces
 30096 | Elf:1    | Bought a scroll of identify for 26 gold pieces
 30096 | Elf:1    | Bought a scroll of enchant armour for 97 gold pieces
 30096 | Elf:1    | Identified the +1 robe of the Gravedigger {rF- rCorr Str+3} (You found it on level 1 of the Elven Halls)
 30687 | Elf:1    | Noticed an Ice Fiend
 30789 | Elf:2    | Reached skill level 15 in Dodging
 31139 | Elf:2    | Found a frozen archway.
 31155 | IceCv    | Entered an ice cave
 31958 | Elf:2    | Found a portal to a secret trove of treasure.
 32009 | Elf:2    | Found Twiwuo's General Store.
 32425 | Elf:2    | Found a runed gate.
 32425 | Elf:2    | Found a runed gate.
 32426 | Elf:2    | Found a runed gate.
 32448 | Elf:2    | Noticed a deep elf blademaster
 33200 | Elf:2    | Received a gift from Okawaru
 33430 | Elf:2    | Killed a deep elf blademaster
 33866 | D:12     | Reached XP level 17. HP: 82/94 MP: 42/42
 33871 | D:12     | Noticed a hill giant
 33882 | D:12     | Killed a hill giant
 34137 | D:12     | Noticed a hill giant
 34144 | D:12     | Killed a hill giant
 34197 | D:12     | Noticed a six-headed hydra
 34204 | D:12     | Killed a six-headed hydra
 34409 | D:12     | Noticed a hill giant
 34443 | D:12     | Killed a hill giant
 35021 | D:13     | Received a gift from Okawaru
 35376 | D:13     | Found a gate to the Vaults.
 36236 | D:14     | Learned a level 3 spell: Recall
 36276 | D:14     | Reached skill level 1 in Translocations
 36738 | D:14     | Received a gift from Okawaru
 36741 | D:14     | Reached skill level 5 in Translocations
 36746 | D:14     | Got a steaming cloak {god gift}
 36757 | D:14     | Identified the -3 cloak of Waheguwe {+Fly rN+ Int+4 Dex+2} (Okawaru gifted it to you on level 14 of the Dungeon)
 36892 | D:15     | Entered Level 15 of the Dungeon
 36897 | D:15     | Noticed Kirke
 36902 | D:15     | Killed Kirke
 37186 | D:15     | Found a deep blue altar of Sif Muna.
 37267 | D:15     | Found a staircase to the Depths.
 37337 | Depths:1 | Entered Level 1 of the Depths
 37450 | Depths:1 | Reached skill level 10 in Translocations
 37459 | Depths:1 | Learned a level 6 spell: Dispersal
 37506 | Depths:1 | Got a slimy pewter ring
 37509 | Depths:1 | Identified the ring "Pewely" {+Fly rPois rC++} (You found it on level 1 of the Depths)
 37621 | Depths:1 | Noticed a lich
 37643 | Depths:1 | Killed a lich
 37788 | Hell     | Entered the Vestibule of Hell
 37788 | Hell     | Noticed Geryon
 37819 | Hell     | Killed Geryon
 38289 | Depths:1 | Found a one-way gate to the infinite horrors of the Abyss.
 38801 | Elf:2    | Learned a level 5 spell: Summon Mana Viper
 38804 | Elf:2    | You paid a toll of the horn of Geryon to enter a treasure trove
 38805 | Trove    | Entered a treasure trove
 38855 | Trove    | Got a slimy robe
 38866 | Trove    | Identified the +2 robe "Tatuhoff" {rN+ Int+3} (You found it in a treasure trove)
 38906 | Trove    | Got a faintly glowing whip
 38937 | Elf:3    | Entered Level 3 of the Elven Halls
 39117 | Elf:3    | Found Thracynuts' Assorted Antiques.
 39129 | Elf:3    | Bought a glowing marble ring for 130 gold pieces
 39807 | Elf:3    | Shot with an arrow by a deep elf master archer

Action                   |  1- 3 |  4- 6 |  7- 9 | 10-12 | 13-15 | 16-18 || total
-------------------------+-------+-------+-------+-------+-------+-------++-------
Melee: Dagger            |   145 |   169 |   249 |       |    14 |       ||   577
       Quick blade       |       |       |   105 |   568 |  1337 |  1133 ||  3143
 Cast: Ensorcelled Hiber |    30 |    45 |   108 |   240 |   260 |   133 ||   816
       Corona            |     1 |       |       |       |       |     2 ||     3
       Confuse           |       |     5 |    22 |     1 |       |    62 ||    90
       Dazzling Spray    |       |       |    13 |    30 |    57 |    11 ||   111
       Invisibility      |       |       |       |     1 |    12 |    16 ||    29
       Darkness          |       |       |       |       |     1 |       ||     1
       Tukima's Dance    |       |       |       |       |     1 |     3 ||     4
       Dispersal         |       |       |       |       |       |     6 ||     6
       Summon Mana Viper |       |       |       |       |       |     2 ||     2
Invok: Heroism           |       |       |       |       |     1 |     3 ||     4
 Abil: Evoke Flight      |       |       |       |       |       |     1 ||     1
Evoke: Wand              |       |       |       |       |       |     5 ||     5
  Use: Scroll            |       |    13 |    13 |     5 |     9 |    18 ||    58
       Potion            |       |       |     5 |     2 |     9 |    10 ||    26
 Stab: Sleeping          |    20 |    38 |    74 |   147 |   250 |   170 ||   699
       Confused          |       |     2 |     9 |     3 |       |    48 ||    62
       Distracted        |       |       |     6 |     1 |     4 |    10 ||    21
       Invisible         |       |       |     6 |    18 |   109 |    88 ||   221
  Eat: Pizza             |     1 |     3 |       |       |       |     3 ||     7
       Bread ration      |       |       |     1 |       |     3 |     1 ||     5
       Fruit             |       |       |     3 |     8 |     3 |     3 ||    17
       Royal jelly       |       |       |       |       |     1 |     3 ||     4
